 Dungeon Crawl Stone Soup version 0.31-a0-259-g771a54ca4b (webtiles) character file.

Game seed: 3921403491929927430

51 qw the Shooter (level 3, -4/21 HPs)
             Began as a Gargoyle Hexslinger on July 13, 2023.
             Slain by a worm (6 damage)
             ... on level 2 of the Dungeon.
             The game lasted 00:00:27 (772 turns).

qw the Shooter (Gargoyle Hexslinger)                 Turns: 772, Time: 00:00:28

Health: -4/21      AC:  8    Str: 11    XL:     3   Next: 83%
Magic:  4/4        EV: 10    Int: 13    God:
Gold:   44         SH:  0    Dex: 14    Spells: 3/4 levels left

rFire   . . .        Y - +1 sling
rCold   . . .        (no shield)
rNeg    + . .        g - +0 ring mail
rPois   inf          (no helmet)
rElec   +            (no cloak)
rCorr   +            (no gloves)
SInv    .            (no boots)
Will    .....        (no amulet)
Stlth   +            e - ring of resist corrosion
HPRegen 0.23/turn    (no ring)
MPRegen 0.09/turn

%: no passive effects
@: no status effects
A: sickness immunity, AC +3, negative energy resistance 1, electricity
resistance, torment resistance 1, petrification resistance
a: no special abilities


You were on level 2 of the Dungeon.
You visited 1 branch of the dungeon, and saw 2 of its levels.

You collected 44 gold pieces.


Innate Abilities, Weirdness & Mutations

You are immune to sickness and miasma.
Your stone body is resilient. (AC +3)
You are immune to poison.
You resist negative energy. (rN+)
You are resistant to electric shocks. (rElec)
You are resistant to unholy torment.
You are immune to petrification.


   Skills:
 - Level 2.0 Fighting
 + Level 3.6 Ranged Weapons
 - Level 1.5 Dodging
 - Level 1.0 Spellcasting
 - Level 2.6 Hexes


You had 3 spell levels left.
You knew the following spells:

 Your Spells              Type           Power      Damage    Failure   Level
a - Slow                  Hex            28%        N/A       22%         1

Your spell library contained the following spells:

 Spells                   Type           Power      Damage    Failure   Level
 Inner Flame              Hex/Fire       4%         N/A       75%         3
 Portal Projectile        Hex/Tloc       8%         N/A       75%         3
 Cause Fear               Hex            3%         N/A       92%         4

Inventory:

Hand Weapons
 Y - a +1 sling (weapon)
Armour
 g - a +0 ring mail (worn)
Jewellery
 e - a ring of resist corrosion (left hand)
Scrolls
 a - a scroll of identify
Potions
 f - a potion of lignification {unknown}

Dungeon Overview and Level Annotations

Branches:
Dungeon (2/15)

Altars:

Shops:
D:1 =


Message History

The sling bullet barely misses the worm.
The worm bites you.
You shoot a sling bullet.
The sling bullet hits the worm but does no damage.
The worm closely misses you.
You shoot a sling bullet.
The sling bullet barely misses the worm.
You shoot a sling bullet. The sling bullet hits the worm.
The worm is lightly wounded.
The worm bites you.
You shoot a sling bullet. The sling bullet hits the worm.
The worm is lightly wounded.
The worm bites you.
You shoot a sling bullet. The sling bullet hits the worm.
The worm is lightly wounded.
The worm bites you.
You shoot a sling bullet. The sling bullet hits the worm.
The worm is moderately wounded.
The worm barely misses you.
You shoot a sling bullet. The sling bullet hits the worm.
The worm is moderately wounded.
The worm bites you but does no damage.
You shoot a sling bullet. The sling bullet hits the worm.
The worm is moderately wounded.
You shoot a sling bullet. The sling bullet hits the worm.
The worm is severely wounded.
The worm bites you but does no damage.
You shoot a sling bullet. The sling bullet hits the worm.
The worm is severely wounded.
The worm bites you.
You shoot a sling bullet.
The sling bullet barely misses the worm.
The worm misses you.
You shoot a sling bullet.
The sling bullet barely misses the worm.
The worm closely misses you.
You shoot a sling bullet. The sling bullet hits the worm.
The worm is almost dead.
The worm bites you.
You die...

#.### .. ..... . #.###
... ### .## ..# #.# #..
... #.# #.# #.# #.# #.#
#.# #.# #.# #.# #.# #.#
#.#### #.#
#.####.###....##.# ..#
#.##......@.......
#######....#####w#######
.).....###.# ...
######.# #.# ....# #.#
#.# ....## #.# #.#....##
#.# #.+...# #.# #.#..#
#.# #.#


You could see a worm.

Vanquished Creatures
  3 dart slugs (D:1)
  2 ball pythons (D:1)
  4 bats (D:1)
  6 endoplasms
  4 giant cockroaches (D:1)
  2 goblins (D:1)
  3 hobgoblins
  7 jackals (D:1)
  A quokka (D:1)
  A frilled lizard (D:1)
  3 kobolds (D:1)
  2 rats (D:1)
38 creatures vanquished.

Notes
Turn   | Place    | Note
-------+----------+-------------------------------------------
     0 | D:1      | qw the Gargoyle Hexslinger began the quest for the Orb.
     0 | D:1      | Reached XP level 1. HP: 12/12 MP: 2/2
     0 | D:1      | 0 ||| qw: Version: 0.3-a-52-g30416fa
     0 | D:1      | 0 ||| qw: Game counter: 6872
     0 | D:1      | 0 ||| qw: Melee chars always use a shield: true
     0 | D:1      | 0 ||| qw: God list: Okawaru
     0 | D:1      | 0 ||| qw: Allow faded altars: false
     0 | D:1      | 0 ||| qw: Do Orc after clearing Dungeon:15 true
     0 | D:1      | 0 ||| qw: Do second Lair branch before Depths: true
     0 | D:1      | 0 ||| qw: Lair rune preference: random
     0 | D:1      | 0 ||| qw: Goals: Normal
     0 | D:1      | 0 ||| PLANNING D:1-11
    29 | D:1      | Reached XP level 2. HP: 16/16 MP: 3/3
    41 | D:1      | Found Eniab's Jewellery Shoppe.
    51 | D:1      | 51 ||| SHOPLISTING +6 ring of strength (360 gold, have 0).
    51 | D:1      | 51 ||| SHOPLISTING amulet of reflection (300 gold, have 0).
    51 | D:1      | 51 ||| SHOPLISTING ring of resist corrosion (200 gold, have
                  | 0).
    93 | D:1      | Reached skill level 3 in Ranged Weapons
   199 | D:1      | Reached XP level 3. HP: 20/21 MP: 4/4
   555 | D:1      | 555 ||| UPGRADING to +0 ring mail.
   565 | D:1      | 565 ||| DROPPING +0 robe.
   566 | D:1      | 566 ||| DROPPING scarf of shadows.
   567 | D:1      | 567 ||| UPGRADING to ring of resist corrosion.
   568 | D:1      | 568 ||| READING 2 scrolls labelled YFOGOLI PEXE.
   569 | D:1      | 569 ||| READING scroll labelled NIODASOPHI.
   670 | D:1      | 670 ||| DROPPING scroll of poison.
   764 | D:2      | HP: 5/21 [worm (5)]
   769 | D:2      | HP: 1/21 [worm (5)]
   772 | D:2      | Slain by a worm

Levels and vault maps discovered:
D:1:      ncdulo_watergridlock, layout_basic, serial_shops,
          nicolae_shop_advertising_works [nicolae_subvault_shop_adworks],
          minmay_misc_feat_alley, solitary_fountain, minivault_26,
          chequers_garden
D:2:      minmay_diamond_boxcup, layout_loops_ring, serial_shops, shop,
          dreamdust_wishing_well, minmay_quadrilaterals

Skill      XL: |  1  2  3 |
---------------+----------+-----
Ranged Weapons | 3 |  3.6
Fighting       | 2 |  2.0
Dodging        | |  1.5
Spellcasting   | |  1.0
Hexes          | |  2.6

Action                     || total
---------------------------++-------
   Fire: Sling             ||   127
    Use: Scroll            ||     2
 Armour: Robe              ||    23
         Ring mail         ||     5
  Dodge: Dodged            ||    36

Table legend:
 A = Non-vault XP
 B = Vault XP
 C = Vault XP percentage of total XP
 D = Non-vault monster count
 E = Vault monster count
 F = Vault count percentage of total count
                 A         B        C        D         E       F
            +---------+---------+-------+---------+---------+-------
      Total |      74 |       0 |   0.0 |      38 |       0 |   0.0
            +---------+---------+-------+---------+---------+-------
        D:1 |      70 |       0 |   0.0 |      36 |       0 |   0.0
        D:2 |       4 |       0 |   0.0 |       2 |       0 |   0.0
            +---------+---------+-------+---------+---------+-------
